 Dungeon Crawl Stone Soup version 0.20.1-1-g8b1a95d (webtiles) character file.

1094 Irenicus the Cleaver (level 8, -1/68 HPs)
             Began as a Deep Dwarf Berserker on Nov 4, 2017.
             Was a Priest of Trog.
             Slain by an ogre
             ... wielding a +0 giant club
              (18 damage)
             ... on level 5 of the Dungeon.
             The game lasted 00:13:23 (3704 turns).

Irenicus the Cleaver (Deep Dwarf Berserker)         Turns: 3704, Time: 00:13:24

Health: -1/68      AC:  5    Str: 22    XL:     8   Next: 9%
Magic:  8/8        EV: 12    Int:  7    God:    Trog [***...]
Gold:   255        SH:  0    Dex: 14    Spells: 7/7 levels left

rFire    . . .     SeeInvis .   a - +0 hand axe
rCold    . . .     Gourm    .   (no shield)
rNeg     + . .     Faith    .   h - +0 leather armour
rPois    .         Spirit   .   j - +0 helmet
rElec    .         Reflect  .   (no cloak)
rCorr    .         Harm     .   (no gloves)
MR       +++..                  v - +0 pair of boots
Stlth    +.........             (no amulet)
Regen    1.0/turn               y - ring of positive energy
MPRegen  0.2/turn               (no ring)

@: non-regenerating
A: damage resistance, heal wounds, sense surroundings 1, no regeneration
a: Heal Wounds, Berserk, Trog's Hand, Burn Spellbooks, Renounce Religion


You were on level 5 of the Dungeon.
You worshipped Trog.
Trog was most pleased with you.
You were hungry.

You visited 2 branches of the dungeon, and saw 6 of its levels.

You collected 255 gold pieces.

Inventory:

Hand Weapons
 a - a +0 hand axe (weapon)
Missiles
 B - 6 silver javelins (quivered)
Armour
 h - a +0 leather armour (worn)
 j - a +0 helmet (worn)
 v - a +0 pair of boots (worn)
Magical Staves
 t - an uncursed staff of earth
Jewellery
 y - a ring of positive energy (left hand)
Wands
 r - a wand of paralysis (7/24)
Scrolls
 b - 2 scrolls of amnesia
 d - 3 scrolls of remove curse
 e - 2 scrolls of recharging {unknown}
 i - a scroll of random uselessness {unknown}
 l - 2 scrolls of identify
 m - 2 scrolls of enchant armour {unknown}
 n - 6 scrolls of teleportation {unknown}
 o - a scroll of fog {unknown}
 p - a scroll of enchant weapon {unknown}
 w - a scroll of fear {unknown}
Potions
 g - 2 potions of heal wounds
 k - a potion of mutation
 q - a potion of haste
 s - 3 potions of agility
 u - a potion of invisibility {unknown}
 x - a potion of magic {unknown}
 z - a potion of cancellation {unknown}
Comestibles
 c - 5 bread rations
 f - 4 meat rations
 A - a chunk of flesh


   Skills:
 - Level 2.6 Fighting
 + Level 10.8 Axes
 - Level 2.1 Armour
 - Level 2.1 Dodging


You had 7 spell levels left.
You didn't know any spells.

Dungeon Overview and Level Annotations

Branches:
Dungeon (5/15)             Temple (1/1) D:5

Altars:
Elyvilon
Kikubaaqudgha
Makhleb
Ru
Trog


Innate Abilities, Weirdness & Mutations

You are resistant to damage.
You can heal yourself by infusing magical energy.
You passively map a small area around you.
You do not regenerate.


Message History

You open the door.
An ogre and a crimson imp come into view.
The crimson imp shouts!
The ogre shouts!
The crimson imp hits you. The ogre hits you with a giant club!!
* * * LOW HITPOINT WARNING * * *
There is an open door, spattered with blood here.
The crimson imp blinks!
The crimson imp closely misses you.
The crimson imp blinks!
There is an open door here.
The crimson imp blinks!
There is an open door here.
The crimson imp blinks!
The crimson imp blinks!
Okay, then.
Your skin crawls.
You feel resistant to hostile enchantments.
You are feeling hungry.
The ogre hits you with a giant club!!
You die...

.#.## #####.###............#'##.
..#.########.#####+#########.....
≈.#..........#... .........#.....
.≈#....).....#.............#.....
.≈#.)).......#.............#....#
.≈#.######.####.##..# ###'##....#
≈.#....# #.####.##..###....##+###
..#....# ..+..........#....# ,
.#.....#...#....@.....#....# , ,
#.#....###.###.O##..###'##.# ,
.##......#.###..##..###.###### #.
###......#..+........#..(......#.
###.........#........'.........#.
............##..##..##.###.##..#.
###########.##..##..##.###.##..#.
#......+......#.......#.
#......#......#.......#.


You could see an ogre.

Vanquished Creatures
  2 ogres
  The ghost of Irenicus the Sneak, an amateur DDEn of Makhleb (D:3)
  4 crimson imps (D:5)
  A bullfrog zombie (D:5)
  2 orc wizards
  4 hounds
  4 orc priests
  An iguana (D:4)
  A bullfrog skeleton (D:5)
  Ijyb (D:5)
  6 worker ants
  4 gnolls (D:2)
  3 adders
  A worm (D:3)
  A dart slug (D:1)
  3 leopard geckos
  10 orcs
  2 bat zombies (D:4)
  6 giant cockroaches
  10 goblins
  7 hobgoblins
  12 jackals
  3 quokkas
  A ball python (D:2)
  4 bats (D:1)
  2 frilled lizards
  4 kobolds
  5 rats
  3 rat zombies (D:4)
108 creatures vanquished.

Notes
Turn   | Place    | Note
-------+----------+-------------------------------------------
     0 | D:1      | Irenicus the Deep Dwarf Berserker began the quest for the Orb.
     0 | D:1      | Reached XP level 1. HP: 20/20 MP: 1/1
   114 | D:1      | Reached skill level 4 in Axes
   114 | D:1      | Reached XP level 2. HP: 24/27 MP: 2/2
   335 | D:1      | You fall through a shaft!
   451 | D:2      | Found a white marble altar of Elyvilon.
   884 | D:2      | Reached XP level 3. HP: 22/33 MP: 3/3
   992 | D:2      | Reached ** piety under Trog
   992 | D:2      | Reached skill level 5 in Axes
  1072 | D:2      | Reached XP level 4. HP: 9/40 MP: 4/4
  1113 | D:2      | HP: 2/40 [gnoll/halberd (6)]
  1535 | D:3      | Noticed Irenicus's ghost (amateur DDEn)
  1544 | D:3      | Killed Irenicus's ghost
  1544 | D:3      | Reached skill level 6 in Axes
  1544 | D:3      | Reached XP level 5. HP: 14/46 MP: 5/5
  1824 | D:3      | Reached skill level 7 in Axes
  2049 | D:4      | Reached XP level 6. HP: 22/55 MP: 6/6
  2303 | D:4      | Reached skill level 8 in Axes
  2373 | D:4      | Found a burning altar of Makhleb.
  2619 | D:4      | Reached XP level 7. HP: 35/61 MP: 7/7
  2689 | D:4      | Reached skill level 9 in Axes
  2917 | D:4      | Found an ancient bone altar of Kikubaaqudgha.
  3001 | D:5      | Entered Level 5 of the Dungeon
  3050 | D:5      | Noticed Ijyb
  3062 | D:5      | Killed Ijyb
  3182 | D:5      | Found a staircase to the Ecumenical Temple.
  3198 | Temple   | Entered the Ecumenical Temple
  3214 | D:5      | Reached skill level 10 in Axes
  3234 | D:5      | Reached *** piety under Trog
  3517 | D:5      | Reached XP level 8. HP: 28/68 MP: 8/8
  3618 | D:5      | Found a sacrificial altar of Ru.
  3704 | D:5      | Slain by an ogre

Skill      XL: |  1  2  3  4  5  6  7 |
---------------+----------------------+-----
Axes           | 4 5 6 7 8 10 | 10.8
Fighting       | |  2.6
Armour         | |  2.1
Dodging        | |  2.1

Action                   |  1- 3 |  4- 6 |  7- 9 || total
-------------------------+-------+-------+-------++-------
Melee: Hand axe          |   107 |   185 |   142 ||   434
Invok: Berserk           |     2 |    10 |     4 ||    16
       Trog's Hand       |     1 |     7 |     4 ||    12
  Use: Potion            |     1 |     2 |       ||     3
       Scroll            |       |     6 |       ||     6
  Eat: Chunk             |     2 |    17 |     9 ||    28
Armor: Animal skin       |    11 |       |       ||    11
       Leather armour    |    21 |    43 |    28 ||    92
       Skin              |    10 |    22 |       ||    32
Dodge: Dodged            |    64 |    99 |    89 ||   252
